 Dungeon Crawl Stone Soup version 0.31-a0-187-gba352fbbf7 (webtiles) character file.

Game seed: 2486415475815456176

50 qw the Shooter (level 3, -4/20 HPs)
             Began as a Deep Elf Hunter on June 22, 2023.
             Constricted to death by Ijyb (6 damage)
             ... on level 3 of the Dungeon.
             The game lasted 00:00:24 (1139 turns).

qw the Shooter (Deep Elf Hunter)                    Turns: 1139, Time: 00:00:24

Health: -4/20      AC:  5    Str: 10    XL:     3   Next: 55%
Magic:  5/5        EV:  9    Int: 13    God:
Gold:   163        SH:  0    Dex: 18    Spells: 2/2 levels left

rFire   . . .        Y - +0 shortbow
rCold   . . .        (shield currently unavailable)
rNeg    . . .        c - +0 leather armour
rPois   .            (no helmet)
rElec   .            a - +0 cloak
rCorr   .            (no gloves)
SInv    .            g - +0 pair of boots
Will    .....        l - amulet of faith
Stlth   ++           (no ring)
HPRegen 0.23/turn    (no ring)
MPRegen 0.09/turn

%: faith
@: grasped by roots, constricted
A: no striking features
a: no special abilities


You were on level 3 of the Dungeon.
You visited 1 branch of the dungeon, and saw 3 of its levels.

You collected 163 gold pieces.


   Skills:
 - Level 1.5 Fighting
 + Level 7.1 Ranged Weapons
 - Level 2.4 Dodging
 - Level 1.2 Stealth


You had 2 spell levels left.
You didn't know any spells.
Your spell library was empty.

Inventory:

Hand Weapons
 Y - a +0 shortbow (weapon)
Armour
 a - a +0 cloak (worn)
 c - a +0 leather armour (worn)
 g - a +0 pair of boots (worn)
Jewellery
 l - an amulet of faith (around neck)
Scrolls
 b - a scroll of brand weapon {unknown}
 e - a scroll of torment {unknown}
 m - a scroll of identify
Potions
 d - a potion of cancellation {unknown}
 f - a potion of attraction {unknown}
 j - a potion of curing {unknown}
 k - a potion of haste {unknown}

Dungeon Overview and Level Annotations

Branches:
Dungeon (3/15)

Altars:

Shops:
D:1 =

Annotations:
D:3 Ijyb


Message History

Enter note: You shoot an arrow.
The arrow hits the kobold.
The kobold is severely wounded.
You shoot an arrow. The arrow hits the kobold!
You kill the kobold!
Ijyb and a ball python come into view.
Ijyb is wielding a +0 dagger and carrying a wand of roots (3).
Enter note:
Enter note: You shoot an arrow.
The arrow barely misses the ball python.
You shoot an arrow.
The arrow closely misses the ball python.
Ijyb shouts!
The arrow hits Ijyb but does no damage.
You shoot an arrow. The arrow hits the ball python!
You kill the ball python!
Ijyb zaps a wand.
The roots erupt in riotous growth!
The grasping roots grab you! The grasping roots constrict you.
You shoot an arrow. The arrow hits Ijyb!
Ijyb is moderately wounded.
The grasping roots constrict you.
You shoot an arrow. The arrow closely misses Ijyb.
Ijyb screams, "Me stronger than you!" The grasping roots constrict you.
The grasping roots release their grip on you.
You shoot an arrow. The arrow hits Ijyb.
Ijyb is heavily wounded.
You shoot an arrow. The arrow hits Ijyb but does no damage.
Ijyb is heavily wounded.
You shoot an arrow. The arrow hits Ijyb but does no damage.
Ijyb is heavily wounded.
Ijyb zaps a wand.
The roots erupt in riotous growth!
The grasping roots grab you!
Ijyb is unaffected.
The grasping roots constrict you.
You hear a shout!
You shoot an arrow. The arrow closely misses Ijyb.
Ijyb hits you with a +0 dagger. The grasping roots constrict you.
You die...

#><....# #..%. #
#......# # ##. #.:....#
### #..## #......# #..
##....# #.....)######.#
.......###......##.....#
........########...#####
........########.###
....%.g@.........#
.#.....###########
....... ....... .......
.#..... ##...# ####


You could see Ijyb.

Vanquished Creatures
  An adder (D:2)
  A worm (D:2)
  A dart slug (D:1)
  5 ball pythons
  5 endoplasms
  A giant cockroach (D:2)
  5 goblins (D:1)
  A hobgoblin (D:1)
  2 quokkas
  4 bats
  2 frilled lizards (D:1)
  3 kobolds
  2 rats (D:1)
33 creatures vanquished.

Notes
Turn   | Place    | Note
-------+----------+-------------------------------------------
     0 | D:1      | qw the Deep Elf Hunter began the quest for the Orb.
     0 | D:1      | Reached XP level 1. HP: 12/12 MP: 3/3
     0 | D:1      | 0 ||| qw: Version: 0.3-a-9-g12657ce
     0 | D:1      | 0 ||| qw: Game counter: 2461
     0 | D:1      | 0 ||| qw: Always use a shield: true
     0 | D:1      | 0 ||| qw: God list: Okawaru
     0 | D:1      | 0 ||| qw: Allow faded altars: false
     0 | D:1      | 0 ||| qw: Do Orc after D:15 true
     0 | D:1      | 0 ||| qw: Do second Lair branch before Depths: true
     0 | D:1      | 0 ||| qw: Lair rune preference: random
     0 | D:1      | 0 ||| qw: Plans: Normal
     0 | D:1      | 0 ||| PLANNING D:1-11
   135 | D:1      | Reached XP level 2. HP: 16/16 MP: 4/4
   136 | D:1      | Reached skill level 6 in Ranged Weapons
   148 | D:1      | Found Ryliabyst's Jewellery Shop.
   154 | D:1      | 154 ||| SHOPLISTING amulet of faith (440 gold, have 81).
   154 | D:1      | 154 ||| SHOPLISTING ring "Wurehag" {Will+ rCorr Int+3} (482
                  | gold, have 81).
   154 | D:1      | 154 ||| SHOPLISTING ring of fire (275 gold, have 81).
   154 | D:1      | 154 ||| SHOPLISTING ring of protection from cold (275 gold,
                  | have 81).
   154 | D:1      | 154 ||| SHOPLISTING ring of resist corrosion (220 gold,
                  | have 81).
   614 | D:1      | 614 ||| READING scroll labelled KYIKLU PEDUO.
   615 | D:1      | 615 ||| READING scroll labelled RUETOA AXOO.
   616 | D:1      | 616 ||| DROPPING scroll of butterflies.
   654 | D:2      | Reached XP level 3. HP: 20/20 MP: 5/5
   721 | D:2      | Found a faded altar of an unknown god.
  1003 | D:2      | Reached skill level 7 in Ranged Weapons
  1011 | D:2      | 1011 ||| UPGRADING to +0 cloak.
  1016 | D:2      | 1016 ||| UPGRADING to +0 pair of boots.
  1021 | D:2      | 1021 ||| UPGRADING to amulet of faith.
  1026 | D:2      | 1026 ||| DROPPING ring of magical power.
  1027 | D:2      | 1027 ||| READING scroll labelled CUFEGU NOXAUDU.
  1032 | D:2      | 1032 ||| READING scroll labelled WIOQILAEDI.
  1033 | D:2      | 1033 ||| READING scroll labelled ZEGUSCH JAHYUM.
  1034 | D:2      | 1034 ||| READING 2 scrolls labelled TOOTID SUNT.
  1130 | D:3      | Noticed Ijyb
  1138 | D:3      | HP: 5/20 [constriction (3)]
  1139 | D:3      | HP: 2/20 [Ijyb/+0 dagger (3)]
  1139 | D:3      | Constricted to death by Ijyb

Levels and vault maps discovered:
D:1:      dpeg_arrival_radiant, layout_basic, serial_shops, shop
D:2:      layout_rooms, ebering_ecumenical_altar_mist,
          chequers_serial_rivers_large_b
D:3:      layout_rooms, cheibrodos_worm_habitat,
          nicolae_gozag_conspicuous_consumption, uniq_robin, uniq_sigmund,
          uniq_ijyb

Skill      XL: |  1  2  3 |
---------------+----------+-----
Ranged Weapons | 6 7 |  7.1
Fighting       | |  1.5
Dodging        | |  2.4
Stealth        | |  1.2

Action                     || total
---------------------------++-------
   Fire: Shortbow          ||    78
    Use: Scroll            ||     6
 Armour: Leather armour    ||     2
  Dodge: Dodged            ||     8

Table legend:
 A = Non-vault XP
 B = Vault XP
 C = Vault XP percentage of total XP
 D = Non-vault monster count
 E = Vault monster count
 F = Vault count percentage of total count
                 A         B        C        D         E       F
            +---------+---------+-------+---------+---------+-------
      Total |      72 |       0 |   0.0 |      33 |       0 |   0.0
            +---------+---------+-------+---------+---------+-------
        D:1 |      39 |       0 |   0.0 |      23 |       0 |   0.0
        D:2 |      24 |       0 |   0.0 |       5 |       0 |   0.0
        D:3 |       9 |       0 |   0.0 |       5 |       0 |   0.0
            +---------+---------+-------+---------+---------+-------
